 Dungeon Crawl Stone Soup version 0.29-a0-700-g2f1814c7b2 (webtiles) character file.

Game seed: 3046803431519166789

12730 Shayle the Nimble (level 11, -6/83 HPs)
             Began as a Vampire Gladiator on June 25, 2022.
             Was an Initiate of Ashenzari.
             Killed from afar by a balrug (25 damage)
             ... with a bolt of fire
             ... in a Gauntlet.
             The game lasted 00:51:04 (12941 turns).

Shayle the Nimble (Vampire Gladiator)              Turns: 12941, Time: 00:51:05

Health: -6/83      AC: 17    Str: 13    XL:     11   Next: 66%
Magic:  20/20      EV: 17    Int: 18    God:    Ashenzari [......]
Gold:   727        SH:  0    Dex: 16    Spells: 16/22 levels left

rFire   + . .      SeeInvis +   t - +3 quarterstaff (spect)
rCold   + . .      Faith    .   (shield currently unavailable)
rNeg    + . .      Spirit   .   W - +5 robe of Night {Dark Will+ SInv}
rPois   +          Reflect  .   J - +1 helmet "Vaocum" {rPois Int+3}
rElec   +          Harm     .   (no cloak)
rCorr   +          Rampage  .   v - +0 pair of gloves
Will    +++..      NoTele   +   a - +2 pair of boots of the Mantidfly {Will+}
Stlth   ++++......              p - amulet of magic regeneration
HPRegen 0.43/turn               B - ring "At What Cost Knowledge?" {AC+4, Evo, Cun} (curse)
MPRegen 0.57/turn               b - ring of positive energy

@: resistant, healing quickly
A: alive, fangs 3, see invisible, vampiric 2
a: Exsanguinate, Renounce Religion, Curse Item, Shatter the Chains


You were in a Gauntlet.
You worshipped Ashenzari.
Ashenzari was noncommittal.
You visited 3 branches of the dungeon, and saw 12 of its levels.
You also visited: Sewer, Bailey and Gauntlet.

You collected 727 gold pieces.

Inventory:

Hand Weapons
 t - a +3 spectral quarterstaff (weapon)
 H - a +3 dagger of venom
 P - a +5 lajatang of venom
Missiles
 e - a javelin
 q - 11 poisoned darts (quivered)
 M - 2 curare-tipped darts
Armour
 a - the +2 pair of boots of the Mantidfly (worn) {Will+}
   (You found it in a Gauntlet)

   Will:      It increases your willpower.
 v - a +0 pair of gloves (worn)
 J - the +1 helmet "Vaocum" (worn) {rPois Int+3}
   (You found it on level 7 of the Dungeon)

   Int:       It affects your intelligence (+3).
   rPois:     It protects you from poison.
 W - the +5 robe of Night (worn) {Dark Will+ SInv}
   (You found it in a bailey)

   It shrouds the wearer in darkness, reducing the range at which they can see
   and be seen by others.
   SInv:      It lets you see invisible.
   Will:      It increases your willpower.
 Z - a +1 robe of cold resistance
Magical Staves
 f - a staff of conjuration
 l - a staff of death
Jewellery
 b - a ring of positive energy (right hand)
 c - a ring of poison resistance
 i - a ring of wizardry
 o - a ring of flight
 p - an amulet of magic regeneration (around neck)
 u - a ring of protection from cold
 A - a +6 ring of dexterity
 B - the cursed ring "At What Cost Knowledge?" (left hand) {AC+4, Evo, Cun}
   (You found it on level 5 of the Dungeon)

   [ring of protection]

   AC:        It affects your AC (+4).
   It has a curse which improves the following skills: Evocations: Evocations.
   Cunning:   Dodging and Stealth.
 I - a ring of magical power
 Y - a ring of ice
Wands
 k - a wand of polymorph (3)
 x - a wand of iceblast (1)
 C - a wand of flame (8)
 K - a wand of paralysis (14)
Scrolls
 d - 3 scrolls of enchant weapon
 w - a scroll of teleportation
 y - a scroll of fear {unknown}
 z - a scroll of blinking {unknown}
 D - a scroll of poison {unknown}
 L - a scroll of silence
 N - a scroll of amnesia {unknown}
 U - a scroll of summoning {unknown}
Potions
 g - a potion of berserk rage
 m - 2 potions of curing
 n - 4 potions of mutation
 s - a potion of might
 E - 3 potions of haste
 F - a potion of heal wounds
 O - 3 potions of magic
 Q - 2 potions of brilliance
 T - a potion of cancellation {unknown}
 X - a potion of degeneration {unknown}


   Skills:
 + Level 6.6 Fighting
 + Level 6.3 Staves
 - Level 1.5 Throwing
 + Level 8.4(8.9) Dodging
 + Level 7.2(7.7) Stealth
 + Level 6.3 Spellcasting
 + Level 5.1 Conjurations
 + Level 6.9 Necromancy
 + Level 6.3(6.7) Evocations


You had 16 spell levels left.
You knew the following spells:

 Your Spells              Type           Power      Damage    Failure   Level
a - Vampiric Draining     Necr           30%        2d8       1%          3
b - Dazzling Flash        Conj/Hex       30%        N/A       12%         3

Your spell library contained the following spells:

 Spells                   Type           Power      Damage    Failure   Level
 Beastly Appendage        Tmut           10%        N/A       12%         1
 Slow                     Hex            20%        N/A       12%         1
 Wereblood                Tmut           5%         N/A       19%         2
 Agony                    Necr           30%        N/A       19%         5
 Confusing Touch          Hex            5%         N/A       34%         3
 Ozocubu's Armour         Ice            5%         N/A       34%         3
 Spider Form              Tmut/Pois      5%         N/A       34%         3
 Silence                  Hex/Air        2%         N/A       97%         5
 Summon Forest            Summ/Tloc      2%         N/A       97%         5
 Summon Mana Viper        Hex/Summ       5%         N/A       97%         5
 Summon Cactus Giant      Summ           2%         N/A       100%        6
 Ozocubu's Refrigeration  Ice            2%         4d5       100%        7


Dungeon Overview and Level Annotations

Branches:
Dungeon (10/15)            Temple (1/1) D:6            Lair (1/6) D:10
    Orc (0/2) D:9           Sewer (visited)          Bailey (visited)
Gauntlet (1/1)

Altars:
Ashenzari
Cheibriados
Dithmenos
Elyvilon
Fedhas
Gozag
Hepliaklqana
Kikubaaqudgha
Makhleb
Nemelex Xobeh
Okawaru
Qazlal
Ru
Sif Muna
Trog
Uskayaw
Vehumet
Wu Jian
Xom
Yredelemnul
Zin
The Shining One

Portals:
Abyss: D:6

Annotations:
D:6 2 transporters, Phlounder's ghost, novice DsNe
D:8 3 runed translucent doors, exclusion: ice statue, lmSkywalker's ghost, novice MfGl Gauntlet 9 transporters, exclusion: ice statue


Innate Abilities, Weirdness & Mutations

Your natural rate of healing is accelerated.
You have razor-sharp teeth.
You have supernaturally acute eyesight. (SInv)
You are afflicted with vampirism and can become a bat while bloodless.


Message History

The blast of flame hits the balrug.
The balrug completely resists.
The blast of flame hits you but does no damage.
Really walk into that dispersal trap?
You enter a dispersal trap!
The balrug blinks!
The hell hound blinks!
You blink.
The hell hound enters a dispersal trap!
You blink.
You see here the -2 helmet "Biompot" {rPois Int+4}.
The balrug closely misses you.
You see here 3 scrolls of enchant weapon.
d - 3 scrolls of enchant weapon The hell hound bites you but does no damage.
The balrug hits you but does no damage.
You are electrocuted!
Unknown command.
The hell hound attacks as you move away!
The hell hound bites you but does no damage.
The balrug hits you with a +1 demon whip of electrocution.
You are engulfed in flames!
The hell hound breathes flames at you. The blast of flame hits you!
There is a transporter, spattered with blood here.
You feel much better. The hell hound closely misses you.
The balrug hits you with a +1 demon whip of electrocution!
You are engulfed in flames!
You feel protected. The hell hound misses you. The balrug gestures at you.
The bolt of fire hits you! You resist.
The hell hound bites you but does no damage.
Unknown command.
Aiming: Iceblast
Press: ? - help, Shift-Dir - straight line The mass of ice explodes!
The iceblast engulfs the balrug!
The balrug is frozen!
The balrug is lightly wounded.
The balrug hits you with a +1 demon whip of electrocution!
You are engulfed in flames!
You resist.
* * * LOW HITPOINT WARNING * * *
The hell hound bites you but does no damage.
The balrug gestures at you. The bolt of fire hits you!! You resist.
You die...

####.#########
#≈..............§§#
####8.8.8..©.©..8.8§8#
#8##≈...............≈#
#########################
#§§...........≈§≈§.......
#§§......................
###..###########...########
#8#..##.[h@!|.##...#...=©$.
###..#.#.2...#^#...#.#.....
#..#..#...#^.#...#.##...#
###..#..^#.#^..#...#..## ##
#8#..#...^#^...#...#.... ..
###..#...#©#...#...#..##.##
#..#..#..§#^.#...#.##...#
###..#.#§....#.#...#.#.....
#8#..##...§...##...#y......


You could see a balrug and a hell hound.

Vanquished Creatures
  Fannar (D:10)
  A two-headed ogre (D:9)
  A deep elf pyromancer (Bailey)
  Pikel (D:6)
  An orc knight (Bailey)
  Psyche (D:9)
  A hornet (D:9)
  4 trolls
  3 centaur simulacra (Gauntlet)
  Sigmund (D:6)
  3 shadows (D:9)
  9 yaks
  4 wyverns
  2 steam dragons
  A redback simulacrum (Gauntlet)
  An acid dragon (D:8)
  A hydra simulacrum (Gauntlet)
  A sky beast (D:7)
  5 water moccasins
  Duvessa (D:6)
  8 orc warriors
  Pargi (Sewer)
  3 ice beasts
  A black bear (D:4)
  3 ogres
  6 centaurs
  2 phantoms
  2 kobold brigands
  2 necrophages
  2 bullfrogs
  2 scorpions
  10 wights
  Dowan (D:6)
  7 killer bees
  2 troll zombies (D:9)
  4 howler monkeys
  6 orc priests
  2 hounds (D:5)
  A jelly (D:6)
  Terence (D:2)
  3 iguanas
  10 orc wizards
  4 ogre zombies (D:9)
  A gnoll (D:1)
  8 adders
  A shadow imp (D:6)
  An ufetubus (D:7)
  A worm (D:2)
  A dart slug (D:5)
  36 orcs
  6 endoplasms
  3 giant cockroaches
  6 goblins
  8 hobgoblins
  6 jackals
  15 kobolds
  2 quokkas
  4 ball pythons
  2 bats (D:2)
  7 frilled lizards
  2 goblin skeletons (D:9)
  5 goblin zombies (D:9)
  A hobgoblin zombie (D:9)
  2 orc skeletons (D:9)
  9 orc zombies (D:9)
  5 rats
258 creatures vanquished.

Vanquished Creatures (others)
  An iguana (D:6)
  14 demonic plants (Gauntlet)
  A fungus (D:3)
16 creatures vanquished.

Grand Total: 274 creatures vanquished

Notes
Turn   | Place    | Note
-------+----------+-------------------------------------------
     0 | D:1      | Shayle the Vampire Gladiator began the quest for the Orb.
     0 | D:1      | Reached XP level 1. HP: 16/16 MP: 1/1
   119 | D:1      | Reached XP level 2. HP: 20/22 MP: 2/2
   356 | D:1      | Reached skill level 1 in Stealth
   360 | D:1      | Found a faded altar of an unknown god.
   418 | D:1      | HP: 1/22 [gnoll/+0 spear (6)]
   798 | D:2      | Gained mutation: You are afflicted with vampirism and can
                  | become a bat while bloodless. [Vampire growth]
   798 | D:2      | Reached XP level 3. HP: 25/27 MP: 3/3
  1210 | D:3      | Found a stormy altar of Qazlal.
  1275 | D:2      | Noticed Terence
  1290 | D:2      | Killed Terence
  1291 | D:2      | Reached skill level 1 in Spellcasting
  1291 | D:2      | Reached skill level 1 in Evocations
  1316 | D:2      | Reached XP level 4. HP: 33/33 MP: 5/5
  1423 | D:2      | Noticed an ogre
  1441 | D:2      | Killed an ogre
  1442 | D:2      | Reached skill level 1 in Conjurations
  1442 | D:2      | Reached XP level 5. HP: 9/39 MP: 5/7
  1816 | D:2      | Reached skill level 4 in Dodging
  2315 | D:3      | Found a blossoming altar of Fedhas.
  2515 | D:3      | You fall into a shaft and drop 2 floors!
  2515 | D:5      | Entered Level 5 of the Dungeon
  3236 | D:4      | Noticed a water moccasin
  3360 | D:4      | Noticed a black bear
  3382 | D:4      | Reached XP level 6. HP: 46/46 MP: 8/8
  3417 | D:4      | Killed a water moccasin
  4160 | D:4      | Reached XP level 7. HP: 32/52 MP: 10/10
  4429 | D:4      | Learned a level 3 spell: Vampiric Draining
  4751 | D:5      | Reached skill level 1 in Necromancy
  5323 | D:5      | Reached skill level 5 in Dodging
  5653 | D:6      | Found a glowing drain.
  5671 | Sewer    | Entered a sewer
  5721 | Sewer    | Noticed Pargi
  5725 | Sewer    | Killed Pargi
  5726 | Sewer    | Reached XP level 8. HP: 53/59 MP: 12/12
  5899 | D:6      | Noticed Duvessa
  5901 | D:6      | Noticed Dowan
  5907 | D:6      | Identified a scroll of acquirement
  5913 | D:6      | Noticed Sigmund
  6036 | D:5      | Acquired a +2 spectral quarterstaff
  6090 | D:6      | Found a staircase to the Ecumenical Temple.
  6093 | D:6      | Found a transporter.
  6102 | D:6      | Noticed a white ugly thing
  6114 | Temple   | Entered the Ecumenical Temple
  6242 | Temple   | Became a worshipper of Ashenzari the Shackled
  6483 | D:6      | Noticed Phlounder's ghost (novice DsNe)
  6485 | D:6      | Noticed a raiju
  6492 | D:6      | Found a one-way gate to the infinite horrors of the Abyss.
  6612 | D:6      | Noticed Pikel
  6620 | D:6      | Killed Pikel
  6621 | D:6      | Reached skill level 6 in Dodging
  6621 | D:6      | Reached XP level 9. HP: 58/66 MP: 14/14
  6687 | D:6      | Killed Duvessa
  6691 | D:6      | Killed Sigmund
  6696 | D:6      | Killed Dowan
  6750 | D:6      | Found a transporter.
  7359 | D:7      | Identified the +1 helmet "Vaocum" {rPois Int+3}
  7737 | D:6      | Reached skill level 5 in Fighting
  7956 | D:7      | Found a hazy altar of Hepliaklqana.
  8011 | D:7      | Reached skill level 5 in Staves
  8386 | D:7      | Identified the +3 chain mail "Plog" {rN+}
  8485 | D:8      | Reached XP level 10. HP: 74/74 MP: 17/17
  8494 | D:8      | Found a flagged portal.
  8507 | D:8      | Reached skill level 7 in Dodging
  8515 | Bailey   | Entered a bailey
  8661 | Bailey   | Found a large runed translucent door.
  8661 | Bailey   | Found a large runed translucent door.
  8663 | Bailey   | Noticed a deep elf pyromancer
  8663 | Bailey   | Noticed an orc knight
  8698 | Bailey   | Found the +5 robe of Night {Dark Will+ SInv}
  8740 | Bailey   | Reached skill level 5 in Spellcasting
  8740 | Bailey   | Reached skill level 5 in Necromancy
  8898 | Bailey   | Killed an orc knight
  8899 | Bailey   | Reached skill level 5 in Evocations
  8937 | Bailey   | Killed a deep elf pyromancer
  9735 | D:8      | Found a runed translucent gate.
  9735 | D:8      | Found a runed translucent gate.
  9735 | D:8      | Found a runed translucent gate.
  9736 | D:8      | Noticed lmSkywalker's ghost (novice MfGl)
  9846 | D:8      | Noticed an ice statue
  9928 | D:8      | Reached skill level 5 in Stealth
 10296 | D:9      | Reached XP level 11. HP: 81/81 MP: 19/19
 10499 | D:9      | Noticed Psyche
 10500 | D:9      | Found a staircase to the Orcish Mines.
 10500 | D:9      | Noticed a two-headed ogre
 10571 | D:9      | Killed a two-headed ogre
 10813 | D:9      | Found a snail-covered altar of Cheibriados.
 10989 | D:9      | Reached skill level 8 in Dodging
 11053 | D:9      | Killed Psyche
 11371 | D:10     | Entered Level 10 of the Dungeon
 11876 | D:10     | Reached skill level 5 in Conjurations
 12133 | D:10     | Found a staircase to the Lair.
 12270 | D:10     | Noticed Fannar
 12282 | D:10     | Killed Fannar
 12471 | Lair:1   | Entered Level 1 of the Lair of Beasts
 12502 | Lair:1   | Found a gate leading to a gauntlet.
 12514 | Gauntlet | Entered a Gauntlet
 12518 | Gauntlet | Noticed a soul eater
 12539 | Gauntlet | Found a transporter.
 12539 | Gauntlet | Noticed a balrug
 12553 | Gauntlet | Found a transporter.
 12579 | Gauntlet | Found a transporter.
 12622 | Gauntlet | Found a transporter.
 12645 | Gauntlet | Found a transporter.
 12656 | Gauntlet | Found a transporter.
 12659 | Gauntlet | Found a transporter.
 12664 | Gauntlet | Found a transporter.
 12694 | Gauntlet | Found a transporter.
 12730 | Gauntlet | Found a transporter.
 12800 | Gauntlet | Found a transporter.
 12821 | Gauntlet | Found a transporter.
 12822 | Gauntlet | Identified the +2 pair of boots of the Mantidfly {Will+}
 12929 | Gauntlet | Learned a level 3 spell: Dazzling Flash
 12935 | Gauntlet | Identified the -2 helmet "Biompot" {rPois Int+4}
 12941 | Gauntlet | Killed from afar by a balrug

Illustrated notes

Levels and vault maps discovered:
D:1:      lemuel_arrival_broad_hall, layout_rooms,
          ebering_ecumenical_altar_sacrificial
D:2:      minmay_spotlight, layout_loops_ring, uniq_terence
D:3:      layout_basic, grunt_temple_overflow_forces_of_nature,
          serial_co_window_serial, co_window_paths_a, co_window_corner_a,
          co_window_cross_1, co_window_paths_a, co_window_corner_a,
          co_window_of_opportunity_b, co_window_corner_b, co_window_corner_b,
          co_window_unsneaky_path_b, co_window_broadway_a, co_window_4corner_b
D:4:      layout_rooms, mainiacjoe_overflow_catwalk, chequers_avenue
D:5:      layout_loops_ring
D:6:      layout_rooms, minmay_temple_entry_drinking_statues,
          portal_sewer_entry_d, gammafunk_ghost_abyssal_escape,
          nicolae_concentric_dashed_squares_wild, uniq_pikel, uniq_sigmund,
          uniq_duvessa
D:7:      layout_loops_ring, kennysheep_mini, nicolae_benzene_ring,
          minmay_misc_feat_rugged, chequers_serial_rivers_micro_b
D:8:      lemuel_ice_statue, layout_loops_ring, enter_bailey_2, serial_glass,
          glass_columns_a, glass_columns_c, ebering_ghost_rock_garden
D:9:      layout_cave_pools, mainiacjoe_overflow_alcove_2, zombieorc1_lemuel,
          minmay_misc_feat_rows, kb_lookout_dungeons_type,
          minmay_misc_feat_ornament, uniq_psyche
D:10:     layout_irregular_city, lair_entry_dummy, uniq_fannar
Temple:   minmay_crystal_spiral_temple
Lair:1:   layout_misc_corridors, gauntlet_entry_generic
Gauntlet: gammafunk_gauntlet_shortcut [nicolae_gauntlet_arena_flowing_pool,
          nicolae_gauntlet_arena_x, gammafunk_gauntlet_arena_teeth,
          gammafunk_gauntlet_arena_split_diamond,
          gammafunk_gauntlet_arena_arrow_garden,
          gammafunk_gauntlet_arena_split_x, dreamdust_gauntlet_exit_labyrinth]

Skill      XL: |  1  2  3  4  5  6  7  8  9 10 11 |
---------------+----------------------------------+-----
Stealth        | 1 2 3 5 7 |  7.2
Fighting       | 2 3 4 5 6 |  6.6
Spellcasting   | 1 2 3 4 5 6 |  6.3
Evocations     | 1 2 3 4 5 6 |  6.3
Conjurations   | 1 2 3 4 5 |  5.1
Dodging        | 4 5 6 7 8 |  8.4
Staves         | 3 4 5 6 |  6.3
Necromancy     | 1 3 4 6 |  6.9
Throwing       | |  1.5

Action                   |  1- 3 |  4- 6 |  7- 9 | 10-12 || total
-------------------------+-------+-------+-------+-------++-------
Melee: Quarterstaff      |     8 |       |   115 |   282 ||   405
       Staff             |    96 |   213 |   230 |       ||   539
       Bite              |     5 |    26 |    54 |    34 ||   119
       Unarmed           |     6 |       |       |       ||     6
       Punch             |       |     4 |     2 |       ||     6
Throw: Throwing net      |     2 |     2 |       |       ||     4
       Dart              |       |     7 |       |     1 ||     8
       Javelin           |       |     1 |       |       ||     1
Invok: Curse Item        |       |       |     1 |     1 ||     2
       Shatter the Chain |       |       |     1 |       ||     1
Evoke: Wand              |       |       |     7 |     9 ||    16
  Use: Scroll            |     3 |     7 |     7 |     6 ||    23
       Potion            |     2 |     1 |     3 |     6 ||    12
 Stab: Held in net/web   |     2 |     2 |       |       ||     4
       Confused          |     1 |       |       |       ||     1
       Sleeping          |       |     3 |     3 |     6 ||    12
       Distracted        |       |       |       |     6 ||     6
       Invisible         |       |       |       |     4 ||     4
Armor: Leather armour    |     4 |       |       |       ||     4
       Ring mail         |    33 |    81 |   124 |     9 ||   247
       Robe              |       |       |       |    98 ||    98
Dodge: Dodged            |    50 |   124 |   220 |   227 ||   621

Table legend: (Time is in decaauts)
 A = Elapsed time spent in this place.
 B = Non-inter-level travel time spent in this place.
 C = Inter-level travel time spent in this place.
 D = Time resting spent in this place.
 E = Time spent auto-exploring this place.
 F = Levels seen in this place.
 G = Mean time per level.
                   A        B        C        D        E       F      G
               +--------+--------+--------+--------+--------+-----+--------+
         Total |  13021 |  12403 |    618 |   2039 |   5586 |  15 |  868.1 |
       Dungeon |  11615 |  11082 |    533 |   1845 |   5270 |  10 | 1161.5 |
        Temple |    213 |    128 |     85 |      0 |    111 |   1 |  213.0 |
          Lair |     42 |     42 |      0 |      0 |      0 |   1 |   42.0 |
         Sewer |    206 |    206 |      0 |      0 |    118 |   1 |  206.0 |
        Bailey |    514 |    514 |      0 |    132 |     27 |   1 |  514.0 |
      Gauntlet |    429 |    429 |      0 |     62 |     60 |   1 |  429.0 |
               +--------+--------+--------+--------+--------+-----+--------+

Top non-repeatable levels by time:
     D:5: 1447 daAuts
     D:9: 1408 daAuts
     D:3: 1208 daAuts
     D:6: 1193 daAuts
     D:4: 1154 daAuts
    D:10: 1099 daAuts
     D:7: 1083 daAuts
     D:2: 1048 daAuts
     D:8: 1020 daAuts
     D:1: 952 daAuts
  Bailey: 514 daAuts
Gauntlet: 429 daAuts
  Temple: 213 daAuts
   Sewer: 206 daAuts
  Lair:1: 42 daAuts
